[Event "Team 45 45 League T58"]
[Site "Internet Chess Club"]
[Date "2013.09.15"]
[Round "4"]
[White "chess9793"]
[Black "ben622"]
[Result "1-0"]
[WhiteElo "2094"]
[BlackElo "1995"]
[Opening "Alekhine's defense: modern, Larsen variation"]
[ECO "B04"]
[Time "19:01:53"]
[TimeControl "2700+45"]

1. e4 Nf6 2. e5 Nd5 3. d4 d6 4. Nf3 dxe5 5. Nxe5 c6 6. Be2 Nd7 7. Nf3 N7f6 8.
O-O Bg4 9. c4 Nb6 10. b3 e6 11. Bb2 Be7 12. Nbd2 O-O 13. Re1 Qc7 14. Nf1 Bb4 15.
N1d2 Qf4 16. a3 Bxf3 17. axb4 Bxe2 18. Qxe2 Qf5 19. Nf3 a6 20. Ne5 Nfd7 21. Nd3
Nc8 22. Ra5 b5 23. Rea1 Nb8 24. Nc5 Nd6 25. h3 Rc8 26. Qe5 Qc2 27. d5 f6 28.
Qxe6+ Kh8 29. Bxf6 Rf8 30. Qxd6 {Black resigns} 1-0

[Event "Team 45 45 League T58"]
[Site "Internet Chess Club"]
[Date "2013.09.14"]
[Round "4"]
[White "TerryMalloy"]
[Black "Stryker672"]
[Result "1/2-1/2"]
[WhiteElo "2041"]
[BlackElo "2073"]
[Opening "Ruy Lopez: classical defense, 4.c3"]
[ECO "C64"]
[Time "15:00:53"]
[TimeControl "2700+45"]

1. e4 e5 2. Nf3 Nc6 3. Bb5 Bc5 4. c3 Nf6 5. d4 Bb6 6. Nxe5 Nxe5 7. dxe5 Nxe4 8.
O-O O-O 9. Bd3 Qh4 10. Bxe4 Qxe4 11. Re1 Qf5 12. Be3 f6 13. Qb3+ Kh8 14. exf6
Qxf6 15. c4 d6 16. Qc3 Bd7 17. Qxf6 Rxf6 18. Nc3 Ba5 19. Rac1 Re6 20. f3 Rae8
21. Kf2 b6 22. a3 Bxc3 23. Rxc3 a5 24. b4 axb4 25. axb4 Ra8 26. c5 {Game drawn
by mutual agreement} 1/2-1/2

[Event "Team 45 45 League T58"]
[Site "Internet Chess Club"]
[Date "2013.09.13"]
[Round "4"]
[White "MisterDoob"]
[Black "Pomberito"]
[Result "1-0"]
[WhiteElo "2290"]
[BlackElo "2174"]
[Opening "QGD: Charousek (Petrosian) variation"]
[ECO "D31"]
[Time "18:00:42"]
[TimeControl "2700+45"]

1. d4 d5 2. c4 e6 3. Nc3 Be7 4. Nf3 Nf6 5. e3 O-O 6. Bd3 dxc4 7. Bxc4 c5 8. O-O
a6 9. Ne5 b5 10. Qf3 Ra7 11. Bd3 Bb7 12. Qh3 Nc6 13. Ng4 g6 14. Nh6+ Kg7 15. Rd1
Qc8 16. dxc5 Bxc5 17. e4 e5 18. Qh4 Be7 19. Bg5 Ng8 20. Nxg8 Bxg5 21. Qxg5 Kxg8
22. a4 b4 23. Nd5 Qd8 24. Qg3 Re8 25. Rac1 Nd4 26. Rc7 Bxd5 27. Rxa7 Bxe4 28.
Qh3 Re6 29. Rxf7 Kxf7 30. Qxh7+ Kf8 31. Qh8+ Ke7 32. Qxd8+ Kxd8 33. Bxe4 Rd6 34.
Kf1 Ke7 35. Ke1 Kf6 36. Rc1 a5 37. Rc5 Nb3 38. Rc7 Nd2 39. Bc2 b3 40. Bd1 Rd4
41. Be2 Ne4 42. Bc4 Nd6 43. Bxb3 Rb4 44. Bc2 Rxb2 45. Rc6 Ke6 46. Bxg6 Kd5 47.
Ra6 e4 48. Rxa5+ Kd4 49. g3 Ra2 50. h4 Nc4 51. Ra8 Nb2 52. Rd8+ Kc3 53. Bxe4
Rxa4 54. f3 Nc4 55. h5 Ra1+ 56. Rd1 Ra2 57. h6 Rh2 58. h7 Nb2 59. Rd8 {Black
resigns} 1-0

[Event "Team 45 45 League T58"]
[Site "Internet Chess Club"]
[Date "2013.09.17"]
[Round "4"]
[White "steadman"]
[Black "Matusalen"]
[Result "1/2-1/2"]
[WhiteElo "2103"]
[BlackElo "2188"]
[Opening "QGD Slav: 3.Nf3"]
[ECO "D11"]
[Time "19:08:17"]
[TimeControl "2700+45"]

1. d4 d5 2. c4 c6 3. Nf3 Nf6 4. Qb3 dxc4 5. Qxc4 Bg4 6. Nc3 Nbd7 7. e4 Bxf3 8.
gxf3 e5 9. dxe5 Nxe5 10. Qe2 Bb4 11. Bd2 Qe7 12. O-O-O O-O-O 13. Bh3+ Kb8 14.
Kb1 Ng6 15. Qc4 Rhe8 16. Bg5 Ne5 17. Bf4 Bd6 18. Qa4 Nh5 19. Be3 Bc5 20. f4 Nd3
21. Qc2 Nhxf4 22. Bf1 Bxe3 23. fxe3 Nb4 24. Qb3 Rxd1+ 25. Qxd1 Rd8 26. Qb3 Nfd3
27. Rg1 g6 28. Rg2 Ne5 29. a3 Nbd3 30. Rd2 Nc5 31. Qd1 Rxd2 32. Qxd2 Qd7 33. Qd4
Qe7 34. Kc2 Ncd7 35. Be2 h5 36. Kb1 Nb6 37. Kc2 f6 38. Nd1 h4 39. Nf2 g5 40. Ng4
Nbd7 41. Nh6 {Game drawn by mutual agreement} 1/2-1/2

[Event "Team 45 45 League T58"]
[Site "Internet Chess Club"]
[Date "2013.09.14"]
[Round "4"]
[White "Jack-ONeill"]
[Black "PoisonPawn"]
[Result "1-0"]
[WhiteElo "2084"]
[BlackElo "2023"]
[Opening "Sicilian: Taimanov (Bastrikov) variation"]
[ECO "B47"]
[Time "13:13:05"]
[TimeControl "2700+45"]

1. e4 c5 2. Nf3 e6 3. d4 cxd4 4. Nxd4 Nc6 5. Nc3 Qc7 6. Be2 a6 7. O-O Nf6 8. Be3
Be7 9. f4 d6 10. Kh1 O-O 11. Qe1 Nxd4 12. Bxd4 b5 13. a3 Bb7 14. Qg3 Bc6 15.
Rae1 Rae8 16. Bf3 Rd8 17. Nd5 exd5 18. exd5 Bb7 19. Rxe7 Qxe7 20. Re1 Qxe1+ 21.
Qxe1 Rfe8 22. Qg3 Kf8 23. h3 Bc8 24. Qh4 Bf5 25. Bxf6 gxf6 26. Qxf6 Bxc2 27. f5
Rd7 28. Qh6+ Ke7 29. Qg5+ Kf8 30. f6 Re1+ 31. Kh2 Bg6 32. Bg4 Re5 33. Qxe5 dxe5
34. Bxd7 Be4 35. Bc6 a5 36. b4 axb4 37. axb4 h6 38. g4 Kg8 39. h4 Kh7 40. h5 Kg8
41. Kg3 Kf8 42. Kf2 Kg8 43. Ke3 Bg2 44. Bxb5 Bxd5 45. Bd7 Bb7 46. b5 {Black
resigns} 1-0

[Event "Team 45 45 League T58"]
[Site "Internet Chess Club"]
[Date "2013.09.15"]
[Round "4"]
[White "primerpaso"]
[Black "minke"]
[Result "1-0"]
[WhiteElo "1954"]
[BlackElo "1939"]
[Opening "English: Anglo-Dutch defense"]
[ECO "A10"]
[Time "16:09:20"]
[TimeControl "2700+45"]

1. c4 f5 2. Nc3 Nf6 3. g3 g6 4. Bg2 Bg7 5. d4 d6 6. e4 fxe4 7. Nxe4 O-O 8. Ne2
Nc6 9. O-O Nxe4 10. Bxe4 Bh3 11. Bg2 Bxg2 12. Kxg2 e5 13. dxe5 Nxe5 14. f4 Nc6
15. Rb1 Qe7 16. Qd5+ Kh8 17. Nc3 Rae8 18. Bd2 Rf5 19. Qf3 g5 20. Rbe1 Qf7 21. g4
Rc5 22. Ne4 Nd4 23. Nxg5 Qd7 24. Rxe8+ Qxe8 25. Qd3 Qg6 26. f5 Qe8 27. f6 Rxg5
28. Bxg5 Qc6+ 29. Kh3 Qc5 30. fxg7+ Kg8 31. Be3 {Black resigns} 1-0

[Event "Team 45 45 League T58"]
[Site "Internet Chess Club"]
[Date "2013.09.14"]
[Round "4"]
[White "Schack"]
[Black "RubberDuck"]
[Result "0-1"]
[WhiteElo "1682"]
[BlackElo "1793"]
[Opening "Trompowsky attack (Ruth, Opocenský opening)"]
[ECO "A45"]
[Time "16:00:14"]
[TimeControl "2700+45"]

1. d4 Nf6 2. Bg5 Ne4 3. Bf4 c5 4. d5 Qb6 5. Nd2 Qxb2 6. Nxe4 Qb4+ 7. c3 Qxe4 8.
e3 g6 9. Nf3 Bg7 10. Rc1 O-O 11. c4 Qf5 12. Bd3 Qf6 13. h4 h5 14. Be5 Qa6 15.
Bxg7 Kxg7 16. g4 hxg4 17. Ne5 d6 18. Nxg4 Rh8 19. h5 gxh5 20. Nh2 Bd7 21. Qf3
Qa3 22. Kd2 Na6 23. Rhg1+ Kf8 24. Qg3 Qb2+ 25. Bc2 Nb4 26. Nf3 Qf6 27. Ng5 Bg4
28. Nh7+ Rxh7 29. Bxh7 Qb2+ 30. Rc2 Nxc2 31. Bxc2 Qh8 32. Rh1 Qf6 33. Rb1 b6 34.
Be4 Qe5 35. Qxe5 dxe5 36. f3 Bd7 37. Rh1 Kg7 38. Rxh5 Rh8 39. Rxe5 Kf6 40. f4
Rh2+ 41. Kc3 Rxa2 42. Rh5 b5 43. Rh6+ Kg7 44. Rh7+ Kg8 45. Rh6 b4+ 46. Kb3 Ra3+
47. Kb2 Rxe3 48. Bc2 f6 49. d6 exd6 50. Rxf6 Re6 51. Rf5 Re2 52. Rg5+ Kf7 53.
Kc1 a5 54. Rd5 Ke7 55. Rh5 a4 56. Rh7+ Kd8 57. Rh8+ Re8 58. Rh6 Kc7 59. Rh7 a3
60. Ba4 Rd8 61. Bb3 Kb6 62. Re7 Bc6 63. f5 Rf8 64. Re6 Rxf5 65. Rxd6 Rf3 66. Ba4
Rf1+ 67. Rd1 Rxd1+ 68. Bxd1 Ka5 69. Kb1 Ba4 70. Be2 b3 71. Bd3 Kb4 72. Bh7 Kxc4
73. Bg6 Kb4 74. Bf5 c4 75. Be6 c3 76. Bf5 a2+ 77. Ka1 Ka3 {White resigns} 0-1

[Event "Team 45 45 League T58"]
[Site "Internet Chess Club"]
[Date "2013.09.15"]
[Round "4"]
[White "xt"]
[Black "jufral"]
[Result "1-0"]
[WhiteElo "1679"]
[BlackElo "1527"]
[Opening "Robatsch (modern) defense"]
[ECO "B06"]
[Time "17:11:30"]
[TimeControl "2700+45"]

1. e4 g6 2. d4 Bg7 3. Nf3 a6 4. a4 d6 5. h3 Nf6 6. Nc3 O-O 7. Bc4 b6 8. O-O Bb7
9. Re1 Nbd7 10. e5 Ne8 11. e6 fxe6 12. Bxe6+ Kh8 13. Ng5 c5 14. d5 Ne5 15. f4 h6
16. fxe5 hxg5 17. Bxg5 Bxe5 18. Qg4 Kg7 19. Ne4 Nc7 20. h4 Nxe6 21. Qxe6 Bc8 22.
Qxe7+ Qxe7 23. Bxe7 Rf7 24. Bxd6 Bxb2 25. Rab1 Bd4+ 26. Kh1 Bb7 27. c3 Bf2 28.
Nxf2 Rxf2 29. Re7+ Rf7 30. Rxf7+ Kxf7 31. c4 Re8 32. Rxb6 Bc8 33. g3 Re4 34. Rc6
Re1+ 35. Kg2 Bg4 36. Rxc5 Kf6 37. Bf4 Kf5 38. d6+ Ke4 39. Re5+ {Black resigns}
1-0

[Event "Team 45 45 League T58"]
[Site "Internet Chess Club"]
[Date "2013.09.15"]
[Round "4"]
[White "drsigmund1"]
[Black "oldsj"]
[Result "1-0"]
[WhiteElo "1616"]
[BlackElo "1540"]
[Opening "King's Indian: London system"]
[ECO "A48"]
[Time "08:00:28"]
[TimeControl "2700+45"]

1. d4 Nf6 2. Nf3 g6 3. Bf4 Bg7 4. e3 d6 5. h3 O-O 6. Be2 Nbd7 7. O-O c5 8. c3
cxd4 9. exd4 Nb6 10. c4 Bd7 11. Nc3 Rc8 12. b3 d5 13. c5 Na8 14. b4 Nc7 15. b5
Ne6 16. Be5 Be8 17. Qb3 Ne4 18. Bxg7 Nxc3 19. Bxf8 Nxe2+ 20. Kh1 Kxf8 21. Qe3
Bxb5 22. Rfe1 N2f4 23. g3 Nh5 24. Qh6+ Kg8 25. Rxe6 fxe6 26. Ng5 Nf6 27. Nxe6
Qf8 28. Nxf8 Rxf8 29. Rb1 Bc6 30. f3 Nh5 31. Kg2 Nf6 32. Re1 Rf7 33. Re6 Bd7 34.
Re5 b6 35. cxb6 axb6 36. Qe3 e6 37. g4 Ne8 38. Rxe6 Bxe6 39. Qxe6 Kf8 40. Qxb6
Nf6 41. a4 Nd7 42. Qd6+ Kg7 43. Qxd5 Nb6 44. Qe5+ Rf6 45. g5 {Black resigns} 1-0

[Event "Team 45 45 League T58"]
[Site "Internet Chess Club"]
[Date "2013.09.15"]
[Round "4"]
[White "mongmong"]
[Black "sdcohle"]
[Result "1/2-1/2"]
[WhiteElo "1573"]
[BlackElo "1475"]
[Opening "King's Indian: 5.Nf3"]
[ECO "E90"]
[Time "21:04:04"]
[TimeControl "2700+45"]

1. d4 Nf6 2. Nf3 g6 3. c4 Bg7 4. Nc3 d6 5. e4 O-O 6. h3 Nbd7 7. Bg5 e5 8. d5 Qe8
9. Qd2 Nc5 10. Qc2 b6 11. b4 Ncd7 12. Qd2 c5 13. b5 a6 14. Be2 axb5 15. Nxb5 Ra5
16. Nxd6 Qe7 17. Nxc8 Rxc8 18. Bd3 Rca8 19. O-O Qd6 20. Rfc1 Nh5 21. Rc2 Nf4 22.
Bxf4 exf4 23. Rb1 Qf6 24. Qe2 Ne5 25. Nxe5 Qxe5 26. Rxb6 Qa1+ 27. Qf1 Qd4 28.
Qe2 Ra3 29. Rb3 Be5 30. Rxa3 Rxa3 31. Rd2 Qa1+ 32. Rd1 Qd4 33. Kh1 Kg7 34. Bc2
Qb2 35. Bd3 Qd4 36. Bc2 Qb2 37. Bd3 Qd4 38. Bc2 Qb2 {Game drawn by repetition}
1/2-1/2

[Event "Team 45 45 League T58"]
[Site "Internet Chess Club"]
[Date "2013.09.14"]
[Round "4"]
[White "DouDou"]
[Black "JWB"]
[Result "1-0"]
[WhiteElo "1887"]
[BlackElo "1680"]
[Opening "Caro-Kann: Steinitz variation"]
[ECO "B17"]
[Time "11:30:40"]
[TimeControl "2700+45"]

1. e4 c6 2. d4 d5 3. Nc3 dxe4 4. Nxe4 Nd7 5. Qe2 e6 6. Nf3 Ngf6 7. Bf4 Nxe4 8.
Qxe4 Nf6 9. Qd3 c5 10. Qb5+ Qd7 11. dxc5 Qxb5 12. Bxb5+ Bd7 13. Bxd7+ Nxd7 14.
b4 b6 15. c4 bxc5 16. b5 Be7 17. O-O O-O 18. Rad1 Nb6 19. Ne5 Bf6 20. Nd7 Nxd7
21. Rxd7 Bd4 22. Bc7 f6 23. Kh1 Rf7 24. Rxf7 Kxf7 25. Ba5 e5 26. f3 Re8 27. Re1
Re6 28. g4 g6 29. Kg2 f5 30. h4 e4 31. Kg3 exf3 32. Kxf3 fxg4+ 33. Kxg4 Re3 34.
Rxe3 Bxe3 35. Bc7 Ke6 36. Bb8 Kd7 37. Bxa7 Kc8 38. Bb6 Kb7 39. Bd8 Bd2 40. a4
Kc8 41. Be7 Bb4 42. Kg5 Kd7 43. Bf8 Ke8 44. b6 {Black resigns} 1-0

[Event "Team 45 45 League T58"]
[Site "Internet Chess Club"]
[Date "2013.09.15"]
[Round "4"]
[White "ticopatzer"]
[Black "hi12980"]
[Result "1-0"]
[WhiteElo "1714"]
[BlackElo "1729"]
[Opening "Scotch: Schmidt variation"]
[ECO "C45"]
[Time "12:00:32"]
[TimeControl "2700+45"]

1. e4 e5 2. Nf3 Nc6 3. d4 exd4 4. Nxd4 Nf6 5. Nc3 Bb4 6. Nxc6 Bxc3+ 7. bxc3 dxc6
8. Qxd8+ Kxd8 9. Bd3 h6 10. O-O Re8 11. Re1 Bf5 12. f3 Be6 13. Be3 Nd7 14. Red1
Ke7 15. Bd4 Kf8 16. f4 f6 17. a4 Rad8 18. Bxa7 c5 19. Rab1 b6 20. a5 Ra8 21.
axb6 cxb6 22. Bxb6 Nxb6 23. Rxb6 c4 24. Be2 Ra2 25. Rxe6 Rxe6 26. Bxc4 Raa6 27.
Bxa6 Rxa6 28. Kf2 Ra2 29. Rd2 Ra3 30. Ke3 Rxc3+ 31. Kd4 Rc7 32. c4 Ke7 33. c5
Rd7+ 34. Kc3 Rc7 35. Kc4 Rc6 36. Kd5 Rc8 37. Rb2 Rd8+ 38. Kc4 Rc8 39. Rb7+ Kf8
40. e5 f5 41. Kd5 g5 42. g3 {Black resigns} 1-0

[Event "Team 45 45 League T58"]
[Site "Internet Chess Club"]
[Date "2013.09.15"]
[Round "4"]
[White "alvin295"]
[Black "julesraider"]
[Result "0-1"]
[WhiteElo "1288"]
[BlackElo "1600"]
[Opening "Caro-Kann: advance variation"]
[ECO "B12"]
[Time "20:01:08"]
[TimeControl "2700+45"]

1. e4 c6 2. d4 d5 3. e5 c5 4. Nf3 Bg4 5. c3 Nc6 6. Be2 e6 7. O-O Qb6 8. dxc5
Bxc5 9. b4 Be7 10. Be3 Qc7 11. Qa4 Bxf3 12. Bxf3 Qxe5 13. b5 Nb8 14. b6+ Nc6 15.
bxa7 Qc7 16. Be2 Bd6 17. f4 Ne7 18. Bb5 O-O 19. Nd2 Nf5 20. Bf2 Nxa7 21. Bxa7
Rxa7 22. Qxa7 Bc5+ {White resigns} 0-1

[Event "Team 45 45 League T58"]
[Site "Internet Chess Club"]
[Date "2013.09.14"]
[Round "4"]
[White "rayngrant"]
[Black "ilovechess"]
[Result "1-0"]
[WhiteElo "1525"]
[BlackElo "1363"]
[Opening "Scotch gambit: Benima defense"]
[ECO "C50"]
[Time "16:34:48"]
[TimeControl "2700+45"]

1. e4 e5 2. Nf3 Nc6 3. Bc4 Be7 4. d4 exd4 5. Nxd4 Nf6 6. Nc3 Bb4 7. Nxc6 bxc6 8.
O-O O-O 9. Bg5 h6 10. Bh4 d6 11. Re1 Re8 12. Qf3 g5 13. Bg3 Be6 14. Bxe6 Rxe6
15. e5 dxe5 16. Rxe5 Qe7 17. Rxe6 Qxe6 18. Bxc7 Re8 19. g3 Re7 20. Bd8 Bxc3 21.
Qxc3 Nd5 22. Qc5 Re8 23. Ba5 Qf6 24. Bc3 Qf3 25. Qxc6 Re2 26. Qc8+ Kh7 27. Qh8+
Kg6 28. Qg8+ Kh5 29. Bd4 Rd2 30. Bxa7 Rxc2 31. Qg7 Nb4 32. h3 Qc6 33. g4+ Kh4
34. Qxf7 Rxb2 35. Qh5# {Black checkmated} 1-0

[Event "Team 45 45 League T58"]
[Site "Internet Chess Club"]
[Date "2013.09.14"]
[Round "4"]
[White "otherook"]
[Black "justice02"]
[Result "1-0"]
[WhiteElo "1790"]
[BlackElo "1793"]
[Opening "Dutch: Leningrad variation"]
[ECO "A86"]
[Time "14:31:05"]
[TimeControl "2700+45"]

1. c4 f5 2. d4 g6 3. g3 Nf6 4. Nc3 c6 5. Bg2 Bg7 6. Nf3 d6 7. O-O Nbd7 8. b3 O-O
9. Bb2 Nh5 10. d5 c5 11. Qc2 Rb8 12. e3 a6 13. a4 Ndf6 14. Rad1 Qb6 15. Ra1 a5
16. Nb5 Bd7 17. Bc3 Bh6 18. Nd2 Rf7 19. Rab1 Rbf8 20. Qb2 Bg7 21. h3 Ne4 22.
Nxe4 fxe4 23. Bxg7 Rxg7 24. Kh2 Nf6 25. Nc3 Rgf7 26. Nxe4 Nxe4 27. Bxe4 Qb4 28.
f4 b5 29. axb5 Bxb5 30. Qc2 Bd7 31. Rfc1 g5 32. Qc3 gxf4 33. gxf4 Qxc3 34. Rxc3
Rb8 35. Ra1 Ra8 36. Rcc1 Bf5 37. Bxf5 Rxf5 38. Ra3 Rff8 39. Rca1 Rfb8 40. Kg3
Kf7 41. e4 Kf6 42. Kf3 Ra7 43. Re1 Rab7 44. Re3 h5 45. Kg3 Ra8 46. Kh4 e5 47. f5
Rab8 48. Rg3 Rg7 49. Rxg7 Kxg7 50. Kxh5 Kf6 51. h4 Rb4 52. Kg4 a4 53. bxa4 Rxc4
54. Kf3 Rb4 55. a5 Rb8 56. a6 Rh8 57. a7 Ra8 58. Ke3 Kg7 59. Ra6 Kf7 60. Kd3 Ke7
61. Kc4 Kd7 62. Ra1 Kc7 63. Kb5 Kb7 64. Ra2 c4 65. Kxc4 Rc8+ 66. Kb5 Ka8 67. Kb6
Rh8 68. Rg2 Rc8 69. h5 {Black resigns} 1-0

[Event "Team 45 45 League T58"]
[Site "Internet Chess Club"]
[Date "2013.09.12"]
[Round "4"]
[White "badmove"]
[Black "hondocando"]
[Result "1-0"]
[WhiteElo "1579"]
[BlackElo "1580"]
[Opening "King's Indian: Kramer system"]
[ECO "E70"]
[Time "18:08:54"]
[TimeControl "2700+45"]

1. d4 Nf6 2. c4 g6 3. Nc3 Bg7 4. e4 d6 5. Nge2 O-O 6. Ng3 e5 7. d5 c6 8. Be2
cxd5 9. cxd5 Nbd7 10. h4 h5 11. Bg5 Qb6 12. Qd2 a6 13. Be3 Qd8 14. Bg5 b5 15.
Bxh5 Kh7 16. Bf3 Qe8 17. h5 Rh8 18. hxg6+ Kxg6 19. Rxh8 Qxh8 20. O-O-O Bh6 21.
Nf5 Ng8 22. Nxh6 Nxh6 23. Rh1 Qg8 24. Bxh6 Kf6 25. Bg5+ Kg7 26. Be7 f6 27. Qh6+
Kf7 28. Bxd6 Ke8 29. Bh5+ Kd8 30. Qg6 Qh8 31. Qf7 Bb7 32. Rh3 b4 33. Bg4 Qe8 34.
Rh8 Qxh8 35. Qxd7# {Black checkmated} 1-0

[Event "Team 45 45 League T58"]
[Site "Internet Chess Club"]
[Date "2013.09.15"]
[Round "4"]
[White "crazyhorses"]
[Black "houseofcook"]
[Result "1-0"]
[WhiteElo "1478"]
[BlackElo "1468"]
[Opening "French: King's Indian attack"]
[ECO "C00"]
[Time "13:00:27"]
[TimeControl "2700+45"]

1. e4 e6 2. d3 d5 3. Nd2 c5 4. Ngf3 Bd6 5. g3 Ne7 6. Bg2 Nbc6 7. O-O O-O 8. Re1
Qc7 9. Qe2 f6 10. c3 Bd7 11. Nf1 Rab8 12. Ne3 b5 13. exd5 exd5 14. d4 Be6 15.
Nc4 bxc4 16. Qxe6+ Kh8 17. h4 Nd8 18. Qg4 f5 19. Qh5 g6 20. Qg5 Ng8 21. Ne5 Be7
22. Nxg6+ hxg6 23. Qxg6 Rf6 24. Qh5+ Kg7 25. Bxd5 f4 26. Bxf4 Bd6 27. Be5 Bxe5
28. Rxe5 Nf7 29. Rf5 Re8 30. dxc5 Re5 31. Rxe5 Qxe5 32. Bxf7 Qxh5 33. Bxh5 Rf5
34. Bg4 Rxc5 35. Rd1 Nf6 36. Bh3 Ra5 37. a3 Rb5 38. Rd2 a5 39. f3 Rb6 40. Bf1
Rc6 41. Kf2 Kg6 42. Rd4 Rb6 43. Rxc4 Rxb2+ 44. Ke3 Rb1 45. Bd3+ {Black resigns}
1-0

[Event "Team 45 45 League T58"]
[Site "Internet Chess Club"]
[Date "2013.09.14"]
[Round "4"]
[White "PaulRichard"]
[Black "caglar"]
[Result "0-1"]
[WhiteElo "1539"]
[BlackElo "1576"]
[Opening "Ruy Lopez: exchange variation, 5.O-O"]
[ECO "C68"]
[Time "11:00:33"]
[TimeControl "2700+45"]

1. e4 e5 2. Nf3 Nc6 3. Bb5 a6 4. Bxc6 dxc6 5. O-O Bg4 6. h3 Bh5 7. d3 Qf6 8. Be3
Bxf3 9. Qxf3 Qxf3 10. gxf3 O-O-O 11. Nd2 Ne7 12. f4 f6 13. fxe5 fxe5 14. Nc4 Ng6
15. Bg5 Re8 16. Be3 Bd6 17. Nxd6+ cxd6 18. f4 exf4 19. Bxf4 Nxf4 20. Rxf4 g5 21.
Rf5 Rhg8 22. Kh2 g4 23. Rg1 gxh3 24. Rxg8 Rxg8 25. Kxh3 Rg7 26. Rf8+ Kd7 27. Rh8
Ke6 28. Kh4 Rg2 29. Re8+ Kd7 30. Rf8 Rxc2 31. Rf7+ Kc8 32. Rf8+ Kc7 33. Rf7+ Kb6
34. Rf6 Rxb2 35. Rxd6 Rxa2 36. Kg5 Kc7 37. Rh6 b5 38. Rxh7+ Kd6 39. Rh6+ Kc5 40.
Kf6 Rf2+ 41. Ke6 b4 42. Rh8 b3 43. Rb8 b2 44. e5 a5 45. Kd7 Rd2 46. e6 Rxd3+ 47.
Ke8 Rd2 48. e7 a4 49. Kf8 Rf2+ 50. Kg7 Re2 51. Kf7 a3 52. e8=Q Rxe8 53. Kxe8 Kc4
54. Rb6 c5 55. Kd7 Kc3 56. Rb5 c4 57. Kd6 a2 {White resigns} 0-1

[Event "Team 45 45 League T58"]
[Site "Internet Chess Club"]
[Date "2013.09.16"]
[Round "4"]
[White "Portola"]
[Black "AVEMARIA"]
[Result "1/2-1/2"]
[WhiteElo "1780"]
[BlackElo "1691"]
[Opening "Queen's pawn, Mason variation"]
[ECO "D00"]
[Time "17:01:35"]
[TimeControl "2700+45"]

1. d4 d5 2. Bf4 Nf6 3. e3 Bf5 4. h3 e6 5. Bd3 Bxd3 6. Qxd3 Bd6 7. Bxd6 Qxd6 8.
c3 O-O 9. Nd2 Nbd7 10. Ngf3 c5 11. O-O cxd4 12. exd4 Rac8 13. a4 Rfe8 14. Rfe1
h6 15. Ne5 Qc7 16. f4 a6 17. a5 Re7 18. Qf3 Nh7 19. Qg4 Nxe5 20. fxe5 f5 21. Qg6
Qd8 22. Nf3 Nf8 23. Qh5 Qe8 24. Qh4 g5 25. Qxh6 Rg7 26. Nxg5 Qe7 27. h4 Rg6 28.
Qh5 Qg7 29. Qf3 Nh7 30. Nxh7 Kxh7 31. Qh5+ Rh6 32. Qg5 Rg6 33. Qh5+ Rh6 34. Qg5
Rg6 35. Qh5+ Rh6 {Game drawn by repetition} 1/2-1/2

[Event "Team 45 45 League T58"]
[Site "Internet Chess Club"]
[Date "2013.09.13"]
[Round "4"]
[White "Kingofknights"]
[Black "rubo"]
[Result "1-0"]
[WhiteElo "1686"]
[BlackElo "1662"]
[Opening "Budapest: Adler variation"]
[ECO "A52"]
[Time "20:07:26"]
[TimeControl "2700+45"]

1. d4 Nf6 2. c4 e5 3. dxe5 Ng4 4. Nf3 Bc5 5. e3 Nc6 6. a3 a5 7. Nc3 Ngxe5 8.
Nxe5 Nxe5 9. Be2 O-O 10. O-O Re8 11. b3 Ra6 12. Bb2 Rh6 13. g3 d6 14. Nd5 Bh3
15. Re1 c6 16. Nf4 Qg5 17. Nxh3 Rxh3 18. Kg2 Rh6 19. Bd4 Qf5 20. h4 Bxd4 21.
Qxd4 g5 22. g4 Qd7 23. hxg5 c5 24. Qf4 Qc6+ 25. f3 Rh4 26. Kf2 Ng6 27. Qg3 Re5
28. Rh1 Rxh1 29. Rxh1 Rxg5 30. Qh3 Nf8 31. f4 Rg7 32. Bf3 Qd7 33. f5 f6 34. Bd5+
Kh8 35. Qf3 b6 36. Rh6 Qe7 37. Qf4 Nd7 38. Bf3 Ne5 39. Kg3 Rg5 40. Qe4 Qg7 41.
Qa8+ Qg8 42. Qxg8+ Rxg8 43. Rxf6 h5 44. Rh6+ Kg7 45. Rxh5 Kf6 46. Rh6+ Ke7 47.
Be2 Nf7 48. Re6+ Kd7 49. Kf4 Rg7 50. Rg6 Rh7 51. Bd3 Ne5 52. Kg5 Nxd3 53. f6 Rf7
54. Kf5 Ne5 55. Rg7 Ke8 56. Rg8+ Kd7 57. g5 Nc6 58. Ra8 Ne7+ 59. Kg4 Nc6 60. Kh5
Rh7+ 61. Kg6 Rh3 62. f7 Ne5+ 63. Kg7 Rg3 64. Ra7+ Ke6 65. f8=Q Rxg5+ 66. Kh6
Rg6+ 67. Kh5 Rf6 68. Qc8+ {Black resigns} 1-0

[Event "Team 45 45 League T58"]
[Site "Internet Chess Club"]
[Date "2013.09.14"]
[Round "4"]
[White "evan7284"]
[Black "whiskeytown"]
[Result "1/2-1/2"]
[WhiteElo "1709"]
[BlackElo "1591"]
[Opening "Torre attack (Tartakower variation)"]
[ECO "D03"]
[Time "13:03:33"]
[TimeControl "2700+45"]

1. d4 d5 2. Nf3 Nf6 3. Bg5 Ne4 4. Bf4 c5 5. e3 Qb6 6. Qc1 Nc6 7. c3 Bf5 8. Nbd2
e6 9. Nxe4 Bxe4 10. Ne5 Nxe5 11. Bxe5 f6 12. Bg3 Rc8 13. f3 Bg6 14. Be2 Be7 15.
O-O O-O 16. Qd2 cxd4 17. exd4 Bd6 18. Bxd6 Qxd6 19. Bd3 Bxd3 20. Qxd3 Rc7 21.
Rfe1 a6 22. Qe2 Re8 23. Rac1 b5 24. Rc2 Rce7 25. Qd3 e5 26. dxe5 Rxe5 27. Rxe5
Qxe5 28. Rc1 Kf7 {Game drawn by mutual agreement} 1/2-1/2

[Event "Team 45 45 League T58"]
[Site "Internet Chess Club"]
[Date "2013.09.13"]
[Round "4"]
[White "tightfist"]
[Black "g8wrb"]
[Result "0-1"]
[WhiteElo "1556"]
[BlackElo "1433"]
[Opening "English opening"]
[ECO "A17"]
[Time "16:07:34"]
[TimeControl "2700+45"]

1. c4 Nf6 2. Nc3 e6 3. d3 Bb4 4. Bd2 O-O 5. g3 b6 6. Bg2 Nc6 7. Nf3 Rb8 8. O-O
Bb7 9. Rc1 a6 10. a3 Bc5 11. b4 Bd6 12. d4 Re8 13. e4 e5 14. d5 Nd4 15. Re1 c5
16. b5 Kh8 17. Bg5 h6 18. Bxf6 Qxf6 19. a4 a5 20. Re3 Qg6 21. Bh3 Bc8 22. Nh4
Qg5 23. Nf3 Qh5 24. Nh4 Qg5 25. Qg4 Be7 26. Ree1 d6 27. Qxg5 hxg5 28. Bxc8 Rbxc8
29. Kg2 gxh4 30. g4 Bg5 31. Rcd1 Kh7 32. Rf1 Bf4 33. Rd3 Kg6 34. h3 Kg5 35. Nd1
g6 36. Nb2 Rf8 37. Rdd1 f6 38. Nd3 Rf7 39. Nb2 Rcf8 40. Nd3 f5 41. f3 Ne2 42.
Rf2 Nc3 43. Ra1 fxe4 44. fxe4 Nxe4 45. Re2 Ng3 46. Rc2 Be3 47. Rca2 Rf3 48. Ne1
Rf1 49. Nd3 Rxa1 50. Rxa1 Ne4 51. Re1 Nc3 52. Rxe3 Nxa4 53. Nf2 Kf6 54. Ne4+ Ke7
55. Ng5 Rf4 56. Ne4 Nb2 57. Nd2 Nxc4 58. Nxc4 Rxc4 59. Rb3 Rb4 60. Rd3 Rxb5 61.
Kf3 a4 62. g5 Rb3 63. Ke3 Rxd3+ 64. Kxd3 b5 65. Kc3 Kd7 66. Kb2 Kc7 67. Kc3 Kb6
68. Kb2 Ka5 69. Kc3 b4+ 70. Kc4 a3 71. Kb3 e4 72. Ka2 Ka4 73. Ka1 b3 74. Kb1 c4
75. Ka1 e3 76. Kb1 c3 77. Ka1 Kb4 78. Kb1 Kc4 79. Ka1 Kxd5 80. Kb1 Ke4 81. Ka1
d5 82. Kb1 d4 83. Ka1 d3 84. Kb1 Kf3 85. Ka1 Kg3 86. Kb1 Kxh3 87. Ka1 Kg4 88.
Kb1 Kxg5 89. Ka1 Kf4 90. Kb1 g5 91. Ka1 g4 92. Kb1 Kf3 93. Ka1 g3 94. Kb1 h3 95.
Ka1 Kf2 96. Kb1 g2 97. Ka1 h2 98. Kb1 e2 99. Kc1 d2+ 100. Kb1 h1=N 101. Ka1 g1=N
102. Kb1 e1=N 103. Ka1 Ng3 104. Kb1 d1=N 105. Ka1 Nb2 106. Kb1 N1e2 107. Ka1
Nc2+ 108. Kb1 Ned4 109. Kc1 Ke1 110. Kb1 a2+ 111. Kc1 Nge2# {White checkmated}
0-1

[Event "Team 45 45 League T58"]
[Site "Internet Chess Club"]
[Date "2013.09.15"]
[Round "4"]
[White "Grenadier"]
[Black "Buford-Julep"]
[Result "0-1"]
[WhiteElo "1683"]
[BlackElo "1737"]
[Opening "French: advance, Milner-Barry gambit"]
[ECO "C02"]
[Time "20:01:38"]
[TimeControl "2700+45"]

1. e4 e6 2. d4 d5 3. e5 c5 4. c3 Qb6 5. Nf3 Nc6 6. Bd3 cxd4 7. cxd4 Bd7 8. O-O
Nxd4 9. Nxd4 Qxd4 10. Nc3 a6 11. Re1 Rc8 12. Kh1 Bc5 13. Be3 Qh4 14. g3 Qe7 15.
Qg4 f5 16. Qh5+ Qf7 17. Qe2 d4 18. Bxd4 Bxd4 19. Bc4 Ne7 20. Rad1 Bxc3 21. bxc3
Bc6+ 22. Kg1 O-O 23. Rd6 Nd5 24. Qd2 Rfd8 25. Qg5 Rxd6 26. exd6 Qd7 27. h4 Qxd6
28. h5 Bd7 29. h6 g6 30. Bxd5 exd5 31. Re7 Re8 32. Rg7+ Kh8 33. Qd2 Bc6 34. Qd4
Qe5 35. Qb4 Qe1+ 36. Kh2 d4 37. g4 Qxf2+ 38. Kh3 Qg2+ 39. Kh4 Qxg4# {White
checkmated} 0-1